 Dungeon Crawl Stone Soup version 0.19.0-16-g73b5abf (webtiles) character file.

39853 Rrauwl the Impaler (level 13, -5/122 HPs)
             Began as a Minotaur Berserker on Nov 10, 2016.
             Was the Champion of Trog.
             Slain by a fire crab (shapeshifter) (6 damage)
             ... on level 15 of the Dungeon on Nov 11, 2016.
             The game lasted 02:32:26 (14050 turns).

Rrauwl the Impaler (Minotaur Berserker)            Turns: 14050, Time: 02:32:28

Health: -5/122     AC: 19    Str: 24    XL:     13   Next: 71%
Magic:  12/12      EV: 10    Int:  6    God:    Trog [******]
Gold:   911        SH:  0    Dex: 18    Spells: 0 memorised, 12 levels left

rFire  + . .     SeeInvis .     v - +8 trident of the Octopus King {venom, rElec rPois MR+}
rCold  . . .     Gourm    .     h - +0 plate armour
rNeg   . . .     Faith    .     (no shield)
rPois  +         Spirit   .     (helmet restricted)
rElec  +         Reflect  .     x - +2 cloak {rPois}
rCorr  .         Harm     .     (no gloves)
MR     +....     Rnd*Rage +     (no boots)
Stlth  ..........               (no amulet)
                                H - +5 ring of dexterity
                                r - ring of protection from fire

@: no status effects
A: retaliatory headbutt, horns 2, berserk 1, clever 1
a: Berserk, Trog's Hand, Brothers in Arms, Burn Spellbooks, Renounce Religion


You were on level 15 of the Dungeon.
You worshipped Trog.
Trog was exalted by your worship.
You were not hungry.

You visited 1 branch of the dungeon, and saw 15 of its levels.
You also visited: Labyrinth.

You collected 911 gold pieces.

Inventory:

Hand Weapons
 o - a +3 antimagic glaive
 v - the +8 trident of the Octopus King (weapon) {venom, rElec rPois MR+}
   (You found it on level 4 of the Dungeon)

   It poisons the flesh of those it strikes.
   It insulates you from electricity.
   It protects you from poison.
   It affects your resistance to hostile enchantments.
Missiles
 d - 3 poisoned tomahawks (quivered)
 y - 7 silver tomahawks
Armour
 h - a +0 plate armour (worn)
 x - a +2 cloak of poison resistance (worn)
Magical Staves
 L - an uncursed staff of air
 W - an uncursed staff of earth
 Z - an uncursed staff of air
Rods
 P - a +1 iron rod (10/10)
   (You found it in a labyrinth)
Jewellery
 m - an uncursed ring of protection from magic
 r - a ring of protection from fire (left hand)
 F - an uncursed ring of magical power
 H - a +5 ring of dexterity (right hand)
Wands
 b - a wand of flame (26/48)
 i - a wand of iceblast (14/15)
 n - a wand of flame (23/48)
 q - a wand of digging (14/24)
 s - a wand of disintegration (23/24)
 u - a wand of iceblast (5/15)
 w - a wand of disintegration (12/24)
 B - a wand of random effects (32/48)
 M - a wand of iceblast (10/15)
 Q - a wand of lightning (4/15)
 R - a wand of enslavement (24/24)
 S - a wand of acid (2/15)
 X - a wand of lightning (11/15)
Scrolls
 a - a scroll of silence
 k - 5 scrolls of enchant armour
 l - 9 scrolls of remove curse
 p - 7 scrolls of fear
 t - 3 scrolls of magic mapping
 A - 3 scrolls of brand weapon
 C - 6 scrolls of teleportation
 D - a scroll of immolation
 E - 4 scrolls of fog
 G - 4 scrolls of enchant weapon
Potions
 e - 2 potions of flight
 f - 4 potions of curing
 g - a potion of invisibility
 z - a potion of brilliance
 I - 2 potions of agility
Books
 J - a book of Geomancy

   Spells                             Type                      Level
   a - Sandblast                      Earth                        1
   b - Passwall                       Transmutation/Earth          2
   c - Stone Arrow                    Conjuration/Earth            3
   d - Petrify                        Transmutation/Earth          4
   e - Lee's Rapid Deconstruction     Earth                        5
   Trog disapproves of the use of such an item.
 T - a book of the Sky

   Spells                             Type                      Level
   a - Summon Lightning Spire         Summoning/Air                4
   b - Airstrike                      Air                          4
   c - Silence                        Hexes/Air                    5
   d - Deflect Missiles               Charms/Air                   6
   e - Conjure Ball Lightning         Conjuration/Air              6
   f - Tornado                        Air                          9
   Trog disapproves of the use of such an item.
Miscellaneous
 K - a fan of gales
Comestibles
 c - 7 bread rations
 j - 5 meat rations
 N - 9 royal jellies


   Skills:
 + Level 13.2 Fighting
   Level 7.0 Maces & Flails
 * Level 18.5 Polearms
 + Level 13.6 Armour
 + Level 4.5 Dodging
 - Level 0.1 Stealth


You had 12 spell levels left.
You didn't know any spells.

Dungeon Overview and Level Annotations

Branches:
Dungeon (15/15)            Temple (0/1) D:6            Lair (0/6) D:10
    Orc (0/2) D:9          Vaults (0/5) D:14
 Depths: D:15

Altars:
Dithmenos
Elyvilon
Kikubaaqudgha
Makhleb
Nemelex Xobeh
Ru
Trog
Xom
The Shining One

Shops:
D:4 !=[(

Annotations:
D:9 exclusion: ice statue


Innate Abilities, Weirdness & Mutations

You reflexively headbutt those who attack you in melee.
You have a pair of horns on your head.
You tend to lose your temper in combat.
Your mind is acute. (Int +2)


Message History

You remove your ring of protection from magic.
You are engulfed in roaring flames.
* * * LOW HITPOINT WARNING * * *
The fire crab bites you but does no damage.
The fire crab barely misses you.
r - a ring of protection from fire (left hand)
The centaur shoots an arrow.
The arrow hits you but does no damage.
You feel better. The fire crab breathes flames at you.
The blast of flame engulfs you!
The centaur shoots an arrow.
The arrow hits you!
* * * LOW HITPOINT WARNING * * *
You feel better.
You are engulfed in roaring flames.
You resist.
* * * LOW HITPOINT WARNING * * *
The centaur shoots an arrow.
The arrow hits you.
* * * LOW HITPOINT WARNING * * *
The fire crab bites you.
* * * LOW HITPOINT WARNING * * *
You are engulfed in flames.
You resist.
You die...

## ########## ...
#(.......##############
...#####((...................#
..........(....§§§...........#
...............§@§...........#
...<........(.)§t§..........'####
.......)..............c.....#....
.......)........)...........#....
......)###########..........#..##
......)# #..........#..#
......)## #..........#..#
####...(# ###.......<#..# #..)(#
#...<....#..#


You could see a fire crab and a centaur.

Vanquished Creatures
  Kirke (D:13)
  A minotaur (Lab)
  3 hydras
  2 vault guards (D:14)
  6 centaur warriors
  Sonja (D:12)
  An unseen horror (D:15)
  3 wizards (D:14)
  5 hill giants
  The ghost of runt the Ducker, a novice DrTm of the Shining One (D:6)
  A necromancer (D:14)
  An orc knight (D:15)
  An ugly thing (D:12)
  2 manticores
  Psyche (D:8)
  A centaur zombie (D:12)
  The ghost of Blind the Chopper, a novice HuBe of Trog (D:5)
  2 gargoyles
  A kobold demonologist (D:12)
  4 trolls
  4 hornets
  A two-headed ogre (D:10)
  3 hippogriffs
  A vampire (D:14)
  Sigmund (D:2)
  A centaur simulacrum (D:15)
  17 yaks
  4 wyverns
  2 water elementals (D:14)
  16 humans (D:14)
  Grum (D:9)
  10 vampire mosquitoes
  A steam dragon (D:8)
  A basilisk (D:10)
  4 hungry ghosts
  Edmund (D:5)
  2 wargs
  2 soldier ants (D:8)
  A hell hound (shapeshifter) (D:15)
  3 porcupines (D:10)
  Duvessa (D:7)
  3 water moccasins
  A sky beast (shapeshifter) (D:14)
  11 orc warriors
  3 ice beasts
  4 necrophages
  An eye of draining (D:12)
  3 phantoms
  4 sky beasts
  10 ogres
  2 wolves (D:9)
  2 crocodiles (D:10)
  8 centaurs
  Blork the orc (D:4)
  3 big kobolds
  4 bullfrogs
  A gnoll sergeant (D:8)
  A wyvern zombie (D:10)
  Dowan (D:7)
  5 scorpions
  4 killer bees (D:8)
  7 wights
  3 howler monkeys (D:9)
  A bullfrog zombie (D:13)
  4 crimson imps
  3 jellies
  13 orc wizards
  11 orc priests
  Crazy Yiuf (D:5)
  3 bullfrog skeletons
  4 centaur skeletons
  9 hounds
  7 iguanas
  8 worker ants
  A hound zombie (D:5)
  2 worker ant zombies (D:8)
  16 gnolls
  9 adders
  6 river rats
  5 shadow imps
  2 oozes
  An adder zombie (D:3)
  2 adder skeletons
  4 worms
  2 dart slugs (D:2)
  7 leopard geckos
  53 orcs
  3 bats
  2 giant cockroaches
  8 goblins
  5 hobgoblins
  2 quokkas
  2 ball pythons
  A ball python zombie (D:5)
  7 frilled lizards
  A giant cockroach zombie (D:6)
  A jackal zombie (D:5)
  20 kobolds
  A leopard gecko skeleton (D:6)
  A quokka skeleton (D:8)
  A quokka zombie (D:3)
  7 rats
  A bush (D:5)
  A fungus (D:5)
436 creatures vanquished.

Vanquished Creatures (collateral kills)
  A manticore (D:14)
  A troll (D:14)
  2 water elementals (D:14)
  A yak (D:10)
  An ice beast (D:6)
  2 ogres (D:14)
  2 centaurs (D:14)
10 creatures vanquished.

Vanquished Creatures (others)
  2 humans (D:13)
  A bush (D:10)
  A fungus (D:10)
  4 plants
8 creatures vanquished.

Grand Total: 454 creatures vanquished

Notes
Turn   | Place    | Note
-------+----------+-------------------------------------------
     0 | D:1      | Rrauwl the Minotaur Berserker began the quest for the Orb.
     0 | D:1      | Reached XP level 1. HP: 19/19 MP: 0/0
   454 | D:1      | Reached XP level 2. HP: 27/27 MP: 1/1
   979 | D:2      | Noticed Sigmund
   994 | D:2      | Killed Sigmund
   994 | D:2      | Reached skill level 5 in Maces & Flails
   994 | D:2      | Reached XP level 3. HP: 21/35 MP: 2/2
   994 | D:2      | Reached XP level 4. HP: 25/41 MP: 3/3
   994 | D:2      | Reached XP level 5. HP: 29/47 MP: 4/4
  1100 | D:2      | Reached skill level 5 in Fighting
  1206 | D:2      | Reached ** piety under Trog
  1487 | D:3      | Reached XP level 6. HP: 48/56 MP: 5/5
  1699 | D:3      | Reached *** piety under Trog
  1700 | D:3      | Noticed a water moccasin
  1709 | D:3      | Killed a water moccasin
  1855 | D:4      | Reached XP level 7. HP: 53/61 MP: 6/6
  1888 | D:4      | Found Uryqusib's Antique Weapon Emporium.
  1889 | D:4      | Found Raveiz's Antique Armour Boutique.
  1912 | D:4      | Found Ysuweng's Jewellery Shoppe.
  2020 | D:4      | Found Woahiag's Distillery.
  2346 | D:4      | Reached skill level 1 in Polearms
  2426 | D:4      | Found a sparkling altar of Nemelex Xobeh.
  2662 | D:4      | Reached skill level 5 in Armour
  2733 | D:4      | Noticed Blork the orc
  2737 | D:4      | Killed Blork the orc
  2737 | D:4      | Reached skill level 2 in Polearms
  2834 | D:5      | Entered Level 5 of the Dungeon
  2984 | D:5      | Noticed Blind's ghost (novice HuBe)
  3011 | D:5      | Killed Blind's ghost
  3011 | D:5      | Reached skill level 4 in Polearms
  3011 | D:5      | Reached XP level 8. HP: 8/71 MP: 7/7
  3152 | D:5      | Reached skill level 5 in Polearms
  3215 | D:5      | Found a runed door.
  3219 | D:5      | Noticed Crazy Yiuf
  3222 | D:5      | Killed Crazy Yiuf
  3668 | D:5      | Reached skill level 6 in Polearms
  3715 | D:5      | Noticed Edmund
  3723 | D:5      | Killed Edmund
  3801 | D:6      | Noticed runt's ghost (novice DrTm)
  3833 | D:6      | HP: 2/71 [runt's ghost/magic dart (6)]
  3836 | D:6      | Killed runt's ghost
  3836 | D:6      | Reached skill level 8 in Polearms
  3836 | D:6      | Reached XP level 9. HP: 3/79 MP: 8/8
  3840 | D:6      | Reached **** piety under Trog
  3856 | D:6      | Got a citrine-encrusted leather armour
  3915 | D:6      | Found a shimmering altar of Xom.
  3921 | D:6      | Found a bloodstained altar of Trog.
  3922 | D:6      | Found an ancient bone altar of Kikubaaqudgha.
  4034 | D:6      | Reached skill level 9 in Polearms
  4101 | D:6      | Got a faintly glowing leather armour
  4151 | D:6      | Identified the cursed +0 leather armour of the Demon Prince {rC+ Str-5 Dex+5} (You found it on level 6 of the Dungeon)
  4155 | D:6      | Identified the +2 leather armour of Youthful Indiscretion {-Tele rF+++ rN++} (You found it on level 6 of the Dungeon)
  4432 | D:6      | Found a staircase to the Ecumenical Temple.
  4656 | D:7      | Found a sacrificial altar of Ru.
  4694 | D:7      | Reached skill level 10 in Polearms
  5003 | D:7      | Noticed Duvessa
  5003 | D:7      | Noticed Dowan
  5010 | D:7      | Killed Duvessa
  5012 | D:7      | Killed Dowan
  5243 | D:7      | Reached skill level 11 in Polearms
  5465 | D:8      | Reached ***** piety under Trog
  5482 | D:8      | Found a shadowy altar of Dithmenos.
  5543 | D:8      | Reached XP level 10. HP: 53/88 MP: 9/9
  5559 | D:8      | Reached skill level 12 in Polearms
  5683 | D:8      | Found a glowing golden altar of the Shining One.
  5696 | D:8      | Found a burning altar of Makhleb.
  5748 | D:8      | Noticed Psyche
  5771 | D:8      | Killed Psyche
  5783 | D:8      | Received a gift from Trog
  6025 | D:9      | Noticed Grum
  6030 | D:9      | Reached skill level 13 in Polearms
  6046 | D:9      | Killed Grum
  6199 | D:9      | Noticed an ice statue
  6363 | D:9      | Found a white marble altar of Elyvilon.
  6514 | D:9      | Found a staircase to the Orcish Mines.
  6788 | D:9      | Reached skill level 14 in Polearms
  7102 | D:10     | Entered Level 10 of the Dungeon
  7244 | D:10     | Reached XP level 11. HP: 91/95 MP: 10/10
  7503 | D:10     | Reached skill level 15 in Polearms
  7541 | D:10     | Found a staircase to the Lair.
  7580 | D:10     | Noticed a hill giant
  7603 | D:10     | Killed a hill giant
  8099 | D:11     | Noticed a hill giant
  8107 | D:11     | Killed a hill giant
  8134 | D:11     | Noticed an eight-headed hydra
  8141 | D:11     | Killed an eight-headed hydra
  8141 | D:11     | Reached skill level 10 in Fighting
  8141 | D:11     | Reached skill level 10 in Armour
  8189 | D:11     | Noticed a hill giant
  8196 | D:11     | Killed a hill giant
  8196 | D:11     | Reached skill level 16 in Polearms
  9080 | D:12     | Noticed a red ugly thing
  9092 | D:12     | Killed a red ugly thing
  9092 | D:12     | Reached XP level 12. HP: 72/107 MP: 11/11
  9161 | D:12     | Noticed Sonja
  9168 | D:12     | Killed Sonja
  9195 | D:12     | Gained mutation: You tend to lose your temper in combat. [potion of mutation]
  9195 | D:12     | Gained mutation: Your mind is acute. (Int +2) [potion of mutation]
  9198 | D:12     | HP: 4/108 [troll (9)]
  9735 | D:12     | Reached ****** piety under Trog
  9735 | D:12     | Received a gift from Trog
  9919 | D:13     | Noticed Kirke
  9937 | D:13     | Killed Kirke
  9960 | D:13     | Reached skill level 17 in Polearms
  9988 | D:13     | Noticed a six-headed hydra
  9993 | D:13     | Killed a six-headed hydra
 10112 | D:13     | Noticed a centaur warrior
 10125 | D:13     | Killed a centaur warrior
 10220 | D:13     | Found a labyrinth entrance.
 10312 | Lab      | Entered a labyrinth
 10926 | Lab      | Noticed a minotaur
 10935 | Lab      | Killed a minotaur
 11534 | D:14     | Noticed a centaur warrior
 11553 | D:14     | Killed a centaur warrior
 11608 | D:14     | Received a gift from Trog
 11608 | D:14     | Reached XP level 13. HP: 43/119 MP: 12/12
 13017 | D:14     | Reached skill level 18 in Polearms
 13199 | D:14     | Found a gate to the Vaults.
 13623 | D:15     | Entered Level 15 of the Dungeon
 14046 | D:15     | HP: 6/122 [fire crab (shapeshifter) (10)]
 14047 | D:15     | HP: 1/122 [fire crab (shapeshifter)] (5)]
 14050 | D:15     | Slain by a fire crab (shapeshifter)

Skill      XL: |  1  2  3  4  5  6  7  8  9 10 11 12 13 |
---------------+----------------------------------------+-----
Maces & Flails | 5 7 |  7.0
Fighting       | 4 5 6 7 8 10 12 13 | 13.2
Armour         | 3 4 5 6 7 9 10 12 13 | 13.6
Dodging        | 3 4 |  4.5
Polearms       | 4 8 11 14 16 17 18 | 18.5
Stealth        | |  0.1

Action                   |  1- 3 |  4- 6 |  7- 9 | 10-12 | 13-15 || total
-------------------------+-------+-------+-------+-------+-------++-------
Melee: Mace              |    39 |   126 |    18 |       |       ||   183
       Headbutt          |     5 |    22 |    55 |   159 |    51 ||   292
       Trident           |       |       |   301 |   596 |   211 ||  1108
Throw: Javelin           |     6 |       |       |       |       ||     6
       Tomahawk          |       |       |       |       |     3 ||     3
Invok: Burn Spellbooks   |       |       |     1 |     3 |     2 ||     6
       Brothers in Arms  |       |       |     1 |       |     1 ||     2
       Berserk           |       |       |       |     1 |     1 ||     2
Evoke: Wand              |       |       |       |     2 |     1 ||     3
  Use: Scroll            |    10 |     2 |    16 |    17 |       ||    45
       Potion            |     5 |       |     5 |     5 |     7 ||    22
 Stab: Sleeping          |     1 |       |       |       |       ||     1
  Eat: Chunk             |       |     3 |    11 |    15 |     5 ||    34
       Pizza             |       |       |     1 |       |       ||     1
       Beef jerky        |       |       |       |     4 |     1 ||     5
       Fruit             |       |       |       |     2 |     4 ||     6
Armor: Animal skin       |     8 |       |       |       |       ||     8
       Plate armour      |     6 |    90 |   133 |   226 |   135 ||   590
Dodge: Dodged            |    24 |    61 |    74 |   139 |    95 ||   393
